 Dungeon Crawl Stone Soup version 0.27.1 (webtiles) character file.

Game seed: 8039261560783542203

1922 Kala the Grappler (level 8, -1/71 (78) HPs)
             Began as a Troll Abyssal Knight on Aug 30, 2021.
             Was a Priest of Lugonu.
             Slain by a wight (2 damage)
             ... on level 8 of the Dungeon.
             The game lasted 00:28:13 (5195 turns).

Kala the Grappler (Troll Abyssal Knight)            Turns: 5195, Time: 00:28:15

HP:   -1/71 (78)    AC:  9    Str: 21    XL:     8   Next: 96%
MP:   10/10         EV: 10    Int: 10    God:    Lugonu [***...]
Gold: 114           SH:  5    Dex: 11    Spells: 11/11 levels left

rFire    . . .     SeeInvis .     - Unarmed
rCold    . . .     Faith    .   (no shield)
rNeg     . . .     Spirit   .   a - +1 robe
rPois    .         Reflect  +   (helmet restricted)
rElec    .         Harm     .   (no cloak)
rCorr    .         Rampage  .   (gloves unavailable)
Will     .....                  (boots unavailable)
Stlth    +.........             d - amulet of reflection
HPRegen  1.21/turn              s - ring of wizardry
MPRegen  0.12/turn              i - +4 ring of protection

@: drained
A: large, unfitting armour, claws 3, regeneration 1, shaggy fur 1, tough skin 1,
clever 1
a: Renounce Religion, Depart the Abyss, Bend Space, Banish


You were on level 8 of the Dungeon.
You worshipped Lugonu.
Lugonu was most pleased with you.
You visited 1 branch of the dungeon, and saw 8 of its levels.
You visited the Abyss 1 time.

You collected 534 gold pieces.
You spent 420 gold pieces at shops.

Inventory:

Armour
 a - a +1 robe (worn)
Jewellery
 d - an amulet of reflection (around neck)
 g - a +6 ring of strength
 i - a +4 ring of protection (right claw)
 s - a ring of wizardry (left claw)
 t - a ring of positive energy
 x - a +4 ring of protection
Wands
 o - a wand of flame (18)
 p - a wand of iceblast (9)
Scrolls
 b - 3 scrolls of blinking
 c - 2 scrolls of noise
 r - 2 scrolls of enchant armour
 u - a scroll of teleportation
Potions
 e - 2 potions of invisibility
 h - a potion of haste
 j - 2 potions of heal wounds
 l - a potion of flight


   Skills:
 * Level 4.1 Fighting
 + Level 3.7 Dodging
 + Level 1.1 Shields
 * Level 8.9 Unarmed Combat
 * Level 2.0 Spellcasting
 * Level 3.0 Earth Magic
 + Level 1.7 Invocations


You had 11 spell levels left.
You didn't know any spells.
Your spell library contained the following spells:

 Spells                   Type           Power      Damage    Failure   Level
 Foxfire                  Conj/Fire      4%         2x1d4     12%         1
 Freeze                   Ice            4%         1d3       12%         1
 Sting                    Tmut/Pois      4%         1d3       12%         1
 Poisonous Vapours        Pois/Air       2%         N/A       19%         2
 Sublimation of Blood     Necr           0%         N/A       19%         2
 Dazzling Flash           Conj/Hex       2%         N/A       34%         3
 Frozen Ramparts          Ice            2%         1d2       34%         3
 Summon Guardian Golem    Hex/Summ       1%         N/A       34%         3
 Petrify                  Tmut/Erth      4%         N/A       52%         4
 Hailstorm                Conj/Ice       1%         3d3       73%         4
 Olgreb's Toxic Radiance  Pois           1%         N/A       73%         4
 Agony                    Necr           1%         N/A       96%         5
 Irradiate                Conj/Tmut      0%         3d13      96%         5
 Silence                  Hex/Air        0%         N/A       96%         5
 Orb of Destruction       Conj           0%         N/A       100%        7
 Spellforged Servitor     Conj/Summ      0%         N/A       100%        7
 Fire Storm               Conj/Fire      0%         6d1       100%        9


Dungeon Overview and Level Annotations

Branches:
Dungeon (8/15)             Temple (0/1) D:4
   Lair: D:8-11

Altars:
Fedhas
Okawaru

Shops:
D:4 [   D:7 (=([


Innate Abilities, Weirdness & Mutations

You are too large for most types of armour.
You have claws for hands.
Your natural rate of healing is unusually fast.
You are covered in fur. (AC +1)
You have tough skin. (AC +1)
Your mind is acute. (Int +2)


Message History

Found an escape hatch in the ceiling and an escape hatch in the floor.
There is a stone staircase leading up here.
An orc priest is nearby! 2 wights come into view.
A wight is wielding a +4 spear of freezing.
Found 17 stones.
An orc wizard and 2 wights come into view.
You closely miss the orc priest. Your claw misses the orc priest.
The wight hits you from afar with a +4 spear of freezing!
You feel drained. The wight freezes you.
You barely miss the orc priest.
The orc priest calls down the wrath of Beogh upon you.
Beogh smites you!
The orc wizard mumbles some strange words.
The orc wizard flickers and vanishes!
Deactivating autopickup; reactivate with Ctrl-A.
You claw the orc priest! You claw the orc priest.
The orc priest is almost dead.
You block the wight's attack.
The orc priest mumbles some strange prayers to Beogh against you.
Pain shoots through your body!
You closely miss the orc priest.
The orc priest is almost dead.
You block the wight's attack.
The orc priest mumbles some strange prayers to Beogh against you.
Beogh smites you!
You are too injured to fight recklessly!
You are too injured to fight recklessly!
You mangle the orc priest!!
You kill the orc priest!
Lugonu accepts your kill. You block the wight's attack.
The wight barely misses you. The wight hits you with a +3 scimitar!
* * * LOW HITPOINT WARNING * * *
You feel drained.
* * * LOW HITPOINT WARNING * * *
The wight hits you with a +4 spear of freezing!
* * * LOW HITPOINT WARNING * * *
You feel drained.
You die...

.. . . .. .. #.
#... .#. .#... ...
#######.....
<.###.##...........
............z.#..#
....#.<....z....#
...........@z..#
...!.#....z....#
.... #...........#
...............#.#
.....#.........# ..
..(..#.(......># .
.## #.........#
#.........#


You could see 4 wights.

Vanquished Creatures
  A deep elf zephyrmancer (D:7)
  A water moccasin (D:7)
  Duvessa (D:6)
  An orc warrior (D:7)
  2 sky beasts
  An ogre (D:5)
  A scorpion (D:6)
  Dowan (D:6)
  A water moccasin zombie (D:6)
  A water moccasin skeleton (D:6)
  A killer bee (D:7)
  A bullfrog zombie (D:7)
  2 hounds
  2 centaur skeletons
  3 orc priests
  2 bullfrog skeletons
  2 jellies
  An iguana (D:6)
  4 orc wizards
  A hound skeleton (D:4)
  A howler monkey zombie (D:5)
  3 adders
  A white imp (D:7)
  An ufetubus (D:4)
  2 worms
  4 dart slugs
  30 orcs
  5 bats
  5 endoplasms
  4 giant cockroaches
  7 goblins
  4 hobgoblins
  2 jackals (D:2)
  9 kobolds
  4 quokkas
  4 ball pythons
  2 frilled lizards
  5 rats
123 creatures vanquished.

Vanquished Creatures (others)
  2 plants
2 creatures vanquished.

Grand Total: 125 creatures vanquished

Notes
Turn   | Place    | Note
-------+----------+-------------------------------------------
     0 | Abyss:1  | Kala the Troll Abyssal Knight began the quest for the Orb.
     0 | Abyss:1  | Reached XP level 1. HP: 22/22 MP: 1/1
     9 | Abyss:1  | Found a corrupted altar of Lugonu.
    13 | D:1      | Escaped the Abyss
   264 | D:1      | Reached XP level 2. HP: 29/29 MP: 2/2
   498 | D:1      | Reached ** piety under Lugonu
   599 | D:1      | Found a faded altar of an unknown god.
   880 | D:2      | Reached XP level 3. HP: 36/36 MP: 3/3
  1180 | D:2      | Found an iron altar of Okawaru.
  1341 | D:3      | Reached skill level 3 in Unarmed Combat
  1385 | D:3      | Reached XP level 4. HP: 45/45 MP: 4/4
  1481 | D:3      | Reached XP level 5. HP: 53/53 MP: 5/5
  1501 | D:3      | Reached skill level 4 in Unarmed Combat
  1672 | D:3      | Reached skill level 1 in Earth Magic
  1761 | D:3      | Reached *** piety under Lugonu
  2335 | D:4      | Found Remy's Antique Armour Shoppe.
  2346 | D:4      | Reached XP level 6. HP: 61/61 MP: 6/6
  2554 | D:4      | Found a staircase to the Ecumenical Temple.
  2748 | D:4      | Reached skill level 5 in Unarmed Combat
  2969 | D:5      | Entered Level 5 of the Dungeon
  3108 | D:5      | Got the Guide on Battle Magic and Flight
  3472 | D:5      | Noticed a sky beast
  3498 | D:5      | Killed a sky beast
  3499 | D:5      | Reached skill level 1 in Spellcasting
  3499 | D:5      | Reached XP level 7. HP: 63/67 MP: 7/7
  3878 | D:6      | Reached skill level 6 in Unarmed Combat
  4000 | D:6      | Noticed Duvessa
  4000 | D:6      | Noticed Dowan
  4009 | D:6      | Killed Duvessa
  4018 | D:6      | Killed Dowan
  4019 | D:6      | Reached skill level 7 in Unarmed Combat
  4082 | D:6      | Reached XP level 8. HP: 78/78 MP: 9/9
  4431 | D:7      | Found Fackir's Jewellery Shop.
  4439 | D:7      | Bought a ring of wizardry for 420 gold pieces
  4455 | D:7      | Found Aklilaas's Antique Armour Shoppe.
  4459 | D:7      | Found a blossoming altar of Fedhas.
  4548 | D:7      | Reached **** piety under Lugonu
  4566 | D:7      | Found Qontai's Weapon Boutique.
  4709 | D:7      | Reached skill level 1 in Shields
  4846 | D:7      | Gained mutation: Your mind is acute. (Int +2) [potion of
                  | mutation]
  4865 | D:7      | Reached skill level 8 in Unarmed Combat
  5005 | D:7      | Found Ophiux's Weapon Shoppe.
  5042 | D:7      | Noticed a deep elf zephyrmancer
  5065 | D:7      | Killed a deep elf zephyrmancer
  5195 | D:8      | HP: 1/73 [wight (7)]
  5195 | D:8      | Slain by a wight

Illustrated notes

Levels and vault maps discovered:
D:1:      minmay_arrival_plants_in_alcoves, layout_basic,
          hellmonk_ecumenical_altar_lost_god, minmay_heptomino_d4
D:2:      layout_rooms, basic_altar, nrook_campfire, kennysheep_generic_room_2
D:3:      layout_basic
D:4:      layout_gridville, temple_fountains, serial_shops, shop
D:5:      layout_gridville, patterned_corridor
D:6:      layout_cave_pools, lemuel_old_faithful, uniq_duvessa
D:7:      layout_cave_pools, fedhas_altar_1, serial_shops,
          nicolae_stop_n_shop_1, nicolae_shop_trees, nicolae_square_shop,
          nicolae_lakefront_shop, minivault_25, st_stairs_8,
          guppyfry_early_elven_hall
D:8:      layout_rooms, uniq_erica

Skill      XL: |  1  2  3  4  5  6  7  8 |
---------------+-------------------------+-----
Dodging        | 2 3 |  3.7
Fighting       | 3 4 |  4.1
Unarmed Combat | 3 4 5 7 8 |  8.9
Earth Magic    | 1 2 3 |  3.0
Spellcasting   | 1 2 |  2.0
Shields        | 1 |  1.1
Invocations    | |  1.7

Action                   |  1- 3 |  4- 6 |  7- 9 || total
-------------------------+-------+-------+-------++-------
Melee: Unarmed           |   107 |   162 |   122 ||   391
       Punch             |     2 |     3 |     3 ||     8
  Use: Scroll            |     3 |     6 |     3 ||    12
       Potion            |     3 |     2 |     5 ||    10
 Stab: Sleeping          |     2 |       |       ||     2
       Distracted        |       |     1 |       ||     1
Armor: Robe              |    31 |    37 |    53 ||   121
Dodge: Dodged            |    54 |    46 |    72 ||   172
Block: Other             |       |    19 |    21 ||    40
